[Event "Early-Titled-Tuesday-Blitz-June-18-2024"]
[Site "Chess.com"]
[Date "2024.06.18"]
[Round "1"]
[White "Rsnr"]
[Black "Sanyura"]
[Result "1-0"]
[WhiteElo "2904"]
[BlackElo "2505"]
[TimeControl "180+1"]
[EndTime "8:01:52 PDT"]
[Termination "Rsnr won by resignation"]

1. d4 Nf6 2. c4 e6 3. Nc3 d5 4.
cxd5 exd5 5. Bg5 Nbd7 6. e3 Be7 7. Bd3 O-O 8. Qc2 Re8 9. Nge2 c6 10. O-O Ne4 11.
Bxe7 Qxe7 12. Rae1 f5 13. f3 Nxc3 14. Nxc3 Qg5 15.
Bxf5 Rxe3 16. Be6+ Kh8 17. f4 1-0

[Event "Early-Titled-Tuesday-Blitz-June-18-2024"]
[Site "Chess.com"]
[Date "2024.06.18"]
[Round "1"]
[White "DenishevM"]
[Black "TheAlienParty"]
[Result "1-0"]
[WhiteElo "2648"]
[BlackElo "2322"]
[TimeControl "180+1"]
[EndTime "8:01:58 PDT"]
[Termination "DenishevM won by resignation"]

1. d4 d5 2. Nf3 Nf6 3. c4 e6 4.
Nc3 Bb4 5. Bg5 h6 6. Bxf6 Qxf6 7. e3 O-O 8. Rc1 b6 9. cxd5 exd5 10. Qb3 a5 11. a3 Bd6 12. Qxd5 c6 13. Qb3 b5 14.
Ne4 Qe7 15. Nxd6 Qxd6 16. Bd3 a4 17. Qc2 Bg4 18. Ne5 Bd7 19. Bh7+ Kh8 20. Be4 Rc8 21.
Nxf7+ 1-0

[Event "Early-Titled-Tuesday-Blitz-June-18-2024"]
[Site "Chess.com"]
[Date "2024.06.18"]
[Round "1"]
[White "DvaHrasta"]
[Black "Shield12"]
[Result "1-0"]
[WhiteElo "2521"]
[BlackElo "2894"]
[TimeControl "180+1"]
[EndTime "8:02:05 PDT"]
[Termination "DvaHrasta won by resignation"]

1. c4 e5 2. g3 Nf6 3. Bg2 c6 4. d4 e4 5. d5 Bb4+ 6. Bd2 Qe7 7. Nc3 cxd5 8. Nxd5 Nxd5 9. cxd5 O-O 10. a3 Bxd2+ 11.
Qxd2 d6 12. f3 e3 13. Qb4 Na6 14. Qe4 f6 15. Qxe7 1-0

[Event "Early-Titled-Tuesday-Blitz-June-18-2024"]
[Site "Chess.com"]
[Date "2024.06.18"]
[Round "1"]
[White "el_sporco"]
[Black "Fore_Man"]
[Result "1-0"]
[WhiteElo "2574"]
[BlackElo "2159"]
[TimeControl "180+1"]
[EndTime "8:02:34 PDT"]
[Termination "el_sporco won by checkmate"]

1. e4 Nc6 2. Nf3 d5 3. exd5 Qxd5 4. Nc3 Qa5 5. d4 Bg4 6. Bb5 O-O-O 7. Bxc6 bxc6 8. h3 Bxf3 9. Qxf3 Kb7 10. O-O Nf6 11. b4 Qb6 12. Na4 Qxd4 13. Nc5+ Kc8 14. Qxc6 Qd5 15. Qa6+ Kb8 16. Be3 Rd6 17. Nd7+ Nxd7 18. Bxa7+ Ka8 19. Bb6+ Kb8 20. Qa7+ Kc8 21. Qxc7# 1-0

[Event "Early-Titled-Tuesday-Blitz-June-18-2024"]
[Site "Chess.com"]
[Date "2024.06.18"]
[Round "1"]
[White "Kielinkei"]
[Black "temus_galaktionov"]
[Result "0-1"]
[WhiteElo "2483"]
[BlackElo "2850"]
[TimeControl "180+1"]
[EndTime "8:02:39 PDT"]
[Termination "temus_galaktionov won by resignation"]

1. c4 c6 2. Nf3 g6 3. d4 Bg7 4.
Nc3 d6 5. e4 Nd7 6. Be3 e5 7. Be2 Ngf6 8. h3 O-O 9. O-O Qe7 10.
dxe5 dxe5 11. Qc2 Nh5 12. Rad1 Nf4 13. b3 Nc5 14. Rfe1 Nxe2+ 15. Qxe2 a5 16. Bd4 exd4 0-1

[Event "Early-Titled-Tuesday-Blitz-June-18-2024"]
[Site "Chess.com"]
[Date "2024.06.18"]
[Round "1"]
[White "Ykow"]
[Black "OparinGrigoriy"]
[Result "0-1"]
[WhiteElo "2541"]
[BlackElo "3071"]
[TimeControl "180+1"]
[EndTime "8:02:43 PDT"]
[Termination "OparinGrigoriy won by resignation"]

1. e4 c6 2. Nf3 d5 3. d3 Qc7 4.
Nc3 dxe4 5. dxe4 e5 6. Bc4 b5 7. Bb3 h6 8. O-O Nf6 9. h3 Nbd7 10. Be3 Nc5 11. Nd2 a5 12. Bxc5 Bxc5 13. a4 b4 14. Ne2 O-O 15. Ng3 Rd8 16. Qe2 Ba6 17. Nc4 Bd4 18.
Rfd1 Bxb2 19. Rdb1 0-1

[Event "Early-Titled-Tuesday-Blitz-June-18-2024"]
[Site "Chess.com"]
[Date "2024.06.18"]
[Round "1"]
[White "XDPS"]
[Black "Rile-Man"]
[Result "1-0"]
[WhiteElo "2872"]
[BlackElo "2496"]
[TimeControl "180+1"]
[EndTime "8:02:43 PDT"]
[Termination "XDPS won by resignation"]

1. d4 Nf6 2. Nf3 e6 3. Bf4 c5 4. e3 cxd4 5. exd4 b6 6. Bd3 Bb7 7. O-O Be7 8. Re1 O-O 9. h3 d6 10. Nbd2 Nbd7 11. a4 a6 12. c3 Re8 13. Bh2 Nf8 14. Nf1 Ng6 15. Ne3 Nd5 16. Nc4 b5 17.
Ncd2 b4 18. c4 Ndf4 19. Bf1 d5 20. c5 Nh5 21. a5 Nf6 22. Qb3 Ne4 23. Qxb4 e5 24.
Qxb7 exd4 25. Nxe4 dxe4 26. Qxe4 Bxc5 27. Qxe8+ Qxe8 28. Rxe8+ Rxe8 29. Bxa6 Ra8 30. Bb7 1-0

[Event "Early-Titled-Tuesday-Blitz-June-18-2024"]
[Site "Chess.com"]
[Date "2024.06.18"]
[Round "1"]
[White "Niteshch"]
[Black "Lennis93"]
[Result "1-0"]
[WhiteElo "2330"]
[BlackElo "2616"]
[TimeControl "180+1"]
[EndTime "8:02:57 PDT"]
[Termination "Niteshch won by resignation"]

1. e4 a6 2. d4 b5 3. Nf3 e6 4. Bd3 Bb7 5. O-O c5 6. dxc5 Bxc5 7. Bg5 Ne7 8. e5 d6 9. exd6 Qxd6 10. Nc3 Nd7 11.
a3 h6 12. Bh4 Nf6 13. b4 Bb6 14. Bxb5+ axb5 15. Qxd6 Bd8 16. Ne5 O-O 17. Bxf6 gxf6 18. Nd7 1-0

[Event "Early-Titled-Tuesday-Blitz-June-18-2024"]
[Site "Chess.com"]
[Date "2024.06.18"]
[Round "1"]
[White "SujanaLohani"]
[Black "ChessShop"]
[Result "0-1"]
[WhiteElo "2245"]
[BlackElo "2605"]
[TimeControl "180+1"]
[EndTime "8:03:33 PDT"]
[Termination "ChessShop won by resignation"]

1. e4 e5 2. Nf3 d6 3. d4 exd4 4. Nxd4 Nf6 5. Nc3 Be7 6. h3 O-O 7. g4 h6 8. Bg2 Re8 9. O-O Nbd7 10.
f4 Nf8 11. g5 N6h7 12. gxh6 g6 13. Nd5 Bh4 14. f5 c6 15. Nf4 Bg5 16. fxg6 fxg6 17.
Qf3 Qe7 18. Qg3 Kh8 19. h4 Bxh6 20. Nxg6+ Nxg6 21. Qxg6 Bxc1 22. Rf7 Be3+ 23. Kf1 Qxf7+ 24. Qxf7 Rf8 25. Qxf8+ Nxf8 0-1

[Event "Early-Titled-Tuesday-Blitz-June-18-2024"]
[Site "Chess.com"]
[Date "2024.06.18"]
[Round "1"]
[White "JunjiCol"]
[Black "HamedWafa4"]
[Result "0-1"]
[WhiteElo "2362"]
[BlackElo "2673"]
[TimeControl "180+1"]
[EndTime "8:03:36 PDT"]
[Termination "HamedWafa4 won by resignation"]

1. e4 c5 2. Nf3 a6 3. c3 e6 4. d4 cxd4 5. cxd4 d5 6. e5 Bd7 7. Nc3 Ne7 8. Bg5 Nbc6 9. Bd3 h6 10. Bh4 g5 11. Bg3 Nf5 12. Bxf5 exf5 13. Nxd5 Qa5+ 14. Nc3 f4 15. d5 Ne7 16. e6 fxe6 17. Ne5 fxg3 18.
Qh5+ Kd8 19. Nf7+ Kc7 20. d6+ Kb6 21. dxe7 Bxe7 22. Nxh8 gxf2+ 23. Kxf2 Qc5+ 24. Ke2 Rxh8 25. Qf3 Bb5+ 26. Nxb5 Qc2+ 27. Kf1 Rf8 28. Nd4 Rxf3+ 29. Nxf3 Bc5 30. Ke1 Qxg2 31. Rf1 Bb4+ 0-1

[Event "Early-Titled-Tuesday-Blitz-June-18-2024"]
[Site "Chess.com"]
[Date "2024.06.18"]
[Round "1"]
[White "GMBenjaminBok"]
[Black "komogro"]
[Result "1-0"]
[WhiteElo "3001"]
[BlackElo "2535"]
[TimeControl "180+1"]
[EndTime "8:03:44 PDT"]
[Termination "GMBenjaminBok won by resignation"]

1. d4 Nf6 2. c4 g6 3. g3 Bg7 4.
Bg2 O-O 5. Nc3 d6 6. Nf3 Nbd7 7. O-O c6 8. e4 e5 9. Be3 a5 10. h3 exd4 11. Nxd4 Re8 12. Qc2 Nc5 13. b3 Nfxe4 14.
Nxe4 Bf5 15. Nxf5 Bxa1 16. Nfxd6 Nxe4 17. Nxe8 1-0

[Event "Early-Titled-Tuesday-Blitz-June-18-2024"]
[Site "Chess.com"]
[Date "2024.06.18"]
[Round "1"]
[White "DmitryMaximov"]
[Black "Matalon"]
[Result "1-0"]
[WhiteElo "2775"]
[BlackElo "2439"]
[TimeControl "180+1"]
[EndTime "8:03:44 PDT"]
[Termination "DmitryMaximov won by resignation"]

1. e4 c5 2. Nf3 d6 3. c3 Nf6 4. Bc4 e6 5. Bd3 Nc6 6. Bc2 e5 7. O-O d5 8. exd5 Qxd5 9. d4 cxd4 10. cxd4 e4 11. Bb3 Qh5 12. d5 exf3 13. dxc6 bxc6 14. Re1+ Be7 15. Qd6 Be6 16. Qxc6+ 1-0

[Event "Early-Titled-Tuesday-Blitz-June-18-2024"]
[Site "Chess.com"]
[Date "2024.06.18"]
[Round "1"]
[White "IMJonathanCarlstedt"]
[Black "cycygogne"]
[Result "1-0"]
[WhiteElo "2586"]
[BlackElo "2190"]
[TimeControl "180+1"]
[EndTime "8:03:44 PDT"]
[Termination "IMJonathanCarlstedt won by resignation"]

1. c4 f5 2. g3 Nf6 3. Bg2 g6 4.
Nc3 Bg7 5. d3 O-O 6. e3 e5 7.
Nge2 d6 8. O-O Be6 9. Bxb7 Nbd7 10. Bxa8 Qxa8 11. f3 Nh5 12. e4 fxe4 13. fxe4 Bh3 14.
Rxf8+ Qxf8 15. Qe1 Nc5 16. Qf2 Nxd3 17. Qxf8+ Kxf8 18. b3 Nxc1 19. Rxc1 Bh6 20. Rd1 Be3+ 21. Kh1 Nf6 22.
Ng1 Bg4 23. Rf1 Ke7 24. Rxf6 Kxf6 25. Nd5+ Ke6 26. Nxe3 1-0

[Event "Early-Titled-Tuesday-Blitz-June-18-2024"]
[Site "Chess.com"]
[Date "2024.06.18"]
[Round "1"]
[White "Orest_Vovk"]
[Black "Kgli1m"]
[Result "1-0"]
[WhiteElo "2567"]
[BlackElo "2098"]
[TimeControl "180+1"]
[EndTime "8:03:52 PDT"]
[Termination "Orest_Vovk won by resignation"]

1. h4 d5 2. h5 h6 3. e4 dxe4 4.
Nc3 Nf6 5. Qe2 c6 6. Nxe4 Bf5 7.
Nxf6+ gxf6 8. d3 e5 9. g4 Be6 10. f4 exf4 11. Bxf4 Bd6 12. Bxd6 Qxd6 13. O-O-O Nd7 14.
Nh3 O-O-O 15. Bg2 Ne5 16. Nf2 Rhg8 17. a3 Bxg4 18. Nxg4 Nxg4 19. Bh3 f5 20. Rdf1 Ne5 21. Rxf5 Kb8 22. Qxe5 Qxe5 23. Rxe5 Rde8 24. Rxe8+ Rxe8 25. Rf1 Re3 26. Bg4 Rg3 27. Bd1 Rg7 28. Rf6 1-0

[Event "Early-Titled-Tuesday-Blitz-June-18-2024"]
[Site "Chess.com"]
[Date "2024.06.18"]
[Round "1"]
[White "MasterKroket"]
[Black "nihalsarin"]
[Result "0-1"]
[WhiteElo "2546"]
[BlackElo "3178"]
[TimeControl "180+1"]
[EndTime "8:03:53 PDT"]
[Termination "nihalsarin won by resignation"]

1. e4 c6 2. d4 d5 3. Nc3 dxe4 4. Nxe4 Nd7 5. Ng5 Ngf6 6. Bc4 e6 7. c3 h6 8. N5f3 Bd6 9. Ne2 O-O 10. O-O Qc7 11. Ng3 b5 12. Bb3 c5 13. Be3 Bb7 14. a4 a6 15. Re1 c4 16. Bc2 b4 17. cxb4 Bxb4 18.
Bd2 Bxf3 19. gxf3 Bxd2 20. Qxd2 Rab8 21. Rac1 Nd5 22. Bd3 Rb4 23. b3 c3 24. Qc2 Rxd4 25.
Be4 Rd2 26. Qb1 N7f6 27. Red1 Qb6 28. Rxd2 cxd2 29. Rd1 0-1

[Event "Early-Titled-Tuesday-Blitz-June-18-2024"]
[Site "Chess.com"]
[Date "2024.06.18"]
[Round "1"]
[White "Andrey_Klymchuk"]
[Black "banjadvorovi"]
[Result "1-0"]
[WhiteElo "2720"]
[BlackElo "2403"]
[TimeControl "180+1"]
[EndTime "8:03:53 PDT"]
[Termination "Andrey_Klymchuk won by resignation"]

1. e4 c5 2. Nf3 Nc6 3. Nc3 d6 4.
d4 cxd4 5. Nxd4 Nf6 6. Bg5 h6 7. Bxf6 gxf6 8. Qd2 Bg7 9. O-O-O h5 10. Kb1 Bd7 11.
Nf5 Bxf5 12. exf5 Qd7 13. Nd5 O-O-O 14. Bb5 Kb8 15. Rhe1 e6 16. Nb4 d5 17. Qc3 Rc8 18.
Bxc6 bxc6 19. Qg3+ Ka8 20. Qxg7 Qb7 21. Nd3 c5 22.
fxe6 c4 23. Nc1 Rb8 24. b3 1-0

[Event "Early-Titled-Tuesday-Blitz-June-18-2024"]
[Site "Chess.com"]
[Date "2024.06.18"]
[Round "1"]
[White "Athanasios2"]
[Black "milovichalex"]
[Result "1-0"]
[WhiteElo "2741"]
[BlackElo "2417"]
[TimeControl "180+1"]
[EndTime "8:03:54 PDT"]
[Termination "Athanasios2 won by resignation"]

1. e4 e5 2. Nc3 Nc6 3. Bc4 Bc5 4.
d3 Nf6 5. a3 a6 6. h3 h6 7. Nf3 d6 8. O-O O-O 9. Be3 Be6 10. Nd2 b5 11. Bb3 Nd4 12. Bxe6 Nxe6 13. Nb3 Ba7 14. d4 exd4 15. Nxd4 Nxd4 16. Bxd4 Bxd4 17.
Qxd4 Qe7 18. Rad1 Rfe8 19. Rfe1 Nd7 20. Nd5 Qd8 21. f4 Nc5 22. Nc3 Ne6 23. Qf2 f5 24. e5 Nc5 25. Qf3 Qe7 26. exd6 Qxe1+ 27. Rxe1 Rxe1+ 28. Kh2 Ne4 29. Nxe4 fxe4 30. Qb3+ Kf8 31. dxc7 Rc8 32.
Qb4+ Ke8 33. Qxe1 Rxc7 34. Qxe4+ 1-0

[Event "Early-Titled-Tuesday-Blitz-June-18-2024"]
[Site "Chess.com"]
[Date "2024.06.18"]
[Round "1"]
[White "NovakCabarkapa"]
[Black "jaramsdal"]
[Result "1-0"]
[WhiteElo "2737"]
[BlackElo "2414"]
[TimeControl "180+1"]
[EndTime "8:04:00 PDT"]
[Termination "NovakCabarkapa won by resignation"]

1. d4 Nf6 2. Nc3 d5 3. Bf4 c5 4.
e3 e6 5. Nb5 Na6 6. c3 Be7 7.
a4 O-O 8. Bd3 Bd7 9. Nf3 Rc8 10.
Ne5 Be8 11. Nxa7 Ra8 12. Nb5 Nc7 13. Nxc7 Qxc7 14. Ng6 Bd6 15. Bxd6 Qxd6 16. Nxf8 Kxf8 17. O-O Qb6 18. Qc1 Rxa4 19. Rxa4 Bxa4 20. Qa1 Be8 21. Qa3 Nd7 22. e4 Kg8 23. exd5 exd5 24. Re1 Kf8 25. h3 h6 26. Bf5 Qa6 27. Qxa6 bxa6 28. Bxd7 Bxd7 29.
dxc5 Bc6 30. f3 f5 31. Kf2 f4 32. Ra1 Bb5 33. Rd1 Bc4 34. h4 Ke7 35. Rd4 g5 36.
hxg5 hxg5 37. Rd1 Kd7 38. Rh1 Kc6 39. Rh5 Kxc5 40. Rxg5 Bd3 41. Rg4 Kc4 42. Rxf4+ Kb3 43.
Rb4+ Kc2 44. g4 1-0

[Event "Early-Titled-Tuesday-Blitz-June-18-2024"]
[Site "Chess.com"]
[Date "2024.06.18"]
[Round "1"]
[White "twofoxniel"]
[Black "ALRS-SPS"]
[Result "1-0"]
[WhiteElo "2697"]
[BlackElo "2383"]
[TimeControl "180+1"]
[EndTime "8:04:00 PDT"]
[Termination "twofoxniel won by resignation"]

1. e4 c5 2. c3 d5 3. exd5 Qxd5 4. d4 Nf6 5. Nf3 e6 6. Bd3 Nc6 7. O-O cxd4 8. cxd4 Be7 9. Nc3 Qd8 10. Qe2 O-O 11. Rd1 b6 12. Bg5 Bb7 13. a3 h6 14.
Bh4 Rc8 15. Rac1 Nd5 16. Bg3 Bf6 17. Bb1 Na5 18. Ne5 Nb3 19. Qc2 g6 20. Qxb3 Ba6 21. Nxd5 exd5 22. Rxc8 Qxc8 23. Qxd5 Bb7 24. Qd7 Qa8 25.
Nxf7 Rxf7 26. Ba2 1-0

[Event "Early-Titled-Tuesday-Blitz-June-18-2024"]
[Site "Chess.com"]
[Date "2024.06.18"]
[Round "1"]
[White "GM-2024-GM"]
[Black "SharapovEvgeny"]
[Result "1-0"]
[WhiteElo "2293"]
[BlackElo "2602"]
[TimeControl "180+1"]
[EndTime "8:04:10 PDT"]
[Termination "GM-2024-GM won by resignation"]

1. e4 c5 2. Nf3 d6 3. d4 cxd4 4. Nxd4 Nf6 5. Nc3 Nc6 6. Bg5 e6 7. Qd2 Be7 8. O-O-O O-O 9. f4 Nxd4 10. Qxd4 Qa5 11.
Qd2 h6 12. h4 Nxe4 13. Nxe4 Qxd2+ 14. Rxd2 hxg5 15. hxg5 d5 16. g3 f5 17. g6 Rf6 18.
Nxf6+ Bxf6 19. Rdh2 Kf8 20. Rh8+ Ke7 21. Rg8 Kd7 22.
Rhh8 Kc7 23. Rf8 a6 24. Rxf6 gxf6 25. g7 1-0

[Event "Early-Titled-Tuesday-Blitz-June-18-2024"]
[Site "Chess.com"]
[Date "2024.06.18"]
[Round "1"]
[White "masterofpuppets2"]
[Black "VerdeNotte"]
[Result "0-1"]
[WhiteElo "2482"]
[BlackElo "2842"]
[TimeControl "180+1"]
[EndTime "8:04:12 PDT"]
[Termination "VerdeNotte won by resignation"]

1. d4 Nf6 2. c4 g6 3. Nc3 Bg7 4. e4 d6 5. f3 O-O 6. Be3 c5 7. Nge2 Qa5 8. Nc1 cxd4 9. Nb3 Qd8 10. Nxd4 Nc6 11. Nc2 Be6 12. Qd2 Nd7 13. Rc1 Qa5 14. Be2 Bxc3 15. bxc3 Nce5 16. Qd4 Rfc8 17. O-O Bxc4 18.
Rfe1 Bxe2 19. Rxe2 Qxc3 20. Qd1 Qd3 21. Qe1 Qa6 22. Nb4 Rxc1 23. Bxc1 Nd3 24. Nxd3 Qxd3 25. Bb2 Rc8 26. Rd2 Qc4 27. f4 Nc5 28. e5 Nd3 0-1

[Event "Early-Titled-Tuesday-Blitz-June-18-2024"]
[Site "Chess.com"]
[Date "2024.06.18"]
[Round "1"]
[White "Kacparov"]
[Black "Squirlolz"]
[Result "1-0"]
[WhiteElo "2892"]
[BlackElo "2502"]
[TimeControl "180+1"]
[EndTime "8:04:13 PDT"]
[Termination "Kacparov won by resignation"]

1. e4 c5 2. Nf3 d6 3. d4 cxd4 4. Nxd4 Nf6 5. f3 Nc6 6. c4 e6 7. Nc3 Be7 8. Be3 O-O 9. Nc2 b6 10. Be2 Bb7 11. O-O a6 12. Qd2 Re8 13. Rfd1 Qb8 14.
Bxb6 a5 15. Bf2 Ba6 16. Rab1 Nb4 17. Nd4 d5 18. a3 dxe4 19. axb4 exf3 20. Bxf3 axb4 21.
Ncb5 e5 22. Nc6 Qb7 23. Nxe7+ Qxe7 24. Bxa8 Rxa8 25. Qd6 Qb7 26. Nc7 Ne4 27. Qd5 Nxf2 28. Nxa8 1-0

[Event "Early-Titled-Tuesday-Blitz-June-18-2024"]
[Site "Chess.com"]
[Date "2024.06.18"]
[Round "1"]
[White "muncettin"]
[Black "Sargsyan_Shant"]
[Result "0-1"]
[WhiteElo "2524"]
[BlackElo "2957"]
[TimeControl "180+1"]
[EndTime "8:04:18 PDT"]
[Termination "Sargsyan_Shant won by resignation"]

1. e4 g6 2. d4 Nf6 3. Bd3 d6 4. Nf3 Bg7 5. O-O a6 6. Re1 O-O 7. c4 Bg4 8. h3 Bxf3 9. Qxf3 Nc6 10. Be3 Nd7 11. e5 dxe5 12. d5 Nb4 13. Qe2 Nxd3 14. Qxd3 e4 15. Qc2 f5 16. Nc3 Ne5 17.
b3 Nd3 18. Re2 Qd6 19. Rd1 c6 20. f3 cxd5 21. Nxd5 e6 22. Nf4 Rad8 23. Red2 Bh6 24. Nd5 Bxe3+ 25. Nxe3 Qd4 0-1

[Event "Early-Titled-Tuesday-Blitz-June-18-2024"]
[Site "Chess.com"]
[Date "2024.06.18"]
[Round "1"]
[White "ClauAmura"]
[Black "Revan_2002"]
[Result "0-1"]
[WhiteElo "2398"]
[BlackElo "2719"]
[TimeControl "180+1"]
[EndTime "8:04:21 PDT"]
[Termination "Revan_2002 won by resignation"]

1. d4 d5 2. Bg5 Nf6 3. Bxf6 exf6 4. e3 Bd6 5. c4 dxc4 6. Bxc4 c6 7. Nc3 O-O 8. h3 f5 9. Nf3 Qe7 10. O-O Nd7 11. a3 Nf6 12. b4 b5 13. Bb3 a5 14.
bxa5 Rxa5 15. a4 b4 16. Ne2 Ba6 17. Re1 Ne4 18. Nd2 Qh4 19. Nxe4 fxe4 20. Qd2 Rg5 21.
Nf4 Bc8 22. Kf1 Bxf4 23. exf4 Rxg2 24. Kxg2 Bxh3+ 0-1

[Event "Early-Titled-Tuesday-Blitz-June-18-2024"]
[Site "Chess.com"]
[Date "2024.06.18"]
[Round "1"]
[White "SpongeBob_03"]
[Black "Vesper2018"]
[Result "0-1"]
[WhiteElo "2258"]
[BlackElo "2610"]
[TimeControl "180+1"]
[EndTime "8:04:21 PDT"]
[Termination "Vesper2018 won by checkmate"]

1. d4 Nf6 2. c4 g6 3. Nc3 Bg7 4. e4 d6 5. Nf3 O-O 6. Be2 e5 7. O-O Nc6 8. d5 Ne7 9. b4 a5 10. bxa5 Rxa5 11. a4 Ne8 12. Ba3 c5 13. Nd2 f5 14.
Nb5 Nf6 15. f3 Bh6 16. Qc2 Be3+ 17. Kh1 Nh5 18. Qc3 f4 19. Nb3 Ra6 20. Bc1 Nxd5 21. cxd5 Ng3+ 22. hxg3 fxg3 23. Bxe3 Qh4+ 24. Kg1 Qh2# 0-1

[Event "Early-Titled-Tuesday-Blitz-June-18-2024"]
[Site "Chess.com"]
[Date "2024.06.18"]
[Round "1"]
[White "Karateloru"]
[Black "NovakRatko"]
[Result "1-0"]
[WhiteElo "2769"]
[BlackElo "2431"]
[TimeControl "180+1"]
[EndTime "8:04:26 PDT"]
[Termination "Karateloru won by resignation"]

1. e4 d5 2. exd5 c6 3. Nc3 cxd5 4. Bb5+ Nc6 5. d4 f6 6. Qh5+ g6 7. Qxd5 Bd7 8. Bc4 e6 9. Qe4 f5 10. Qe3 Qe7 11. Nf3 Bg7 12. d5 Bxc3+ 13. Qxc3 exd5+ 14. Be2 Nf6 15. Bg5 O-O 16. O-O Ne4 17. Bxe7 Nxc3 18.
bxc3 Nxe7 19. Rab1 b6 20. Rfd1 Rac8 21. c4 Be6 22. Ng5 Bf7 23. Nxf7 Kg7 24. Nd6 1-0

[Event "Early-Titled-Tuesday-Blitz-June-18-2024"]
[Site "Chess.com"]
[Date "2024.06.18"]
[Round "1"]
[White "Nuvas"]
[Black "Hudijegszid"]
[Result "0-1"]
[WhiteElo "2841"]
[BlackElo "2503"]
[TimeControl "180+1"]
[EndTime "8:04:31 PDT"]
[Termination "Hudijegszid won by resignation"]

1. d4 d5 2. c4 e6 3. Nc3 a6 4.
cxd5 exd5 5. Qb3 Nf6 6. Bg5 c5 7. Bxf6 gxf6 8. dxc5 d4 9. O-O-O Nc6 10. e3 Bxc5 11. Nf3 Be6 12. Qxb7 Rc8 13. Bxa6 O-O 14. exd4 Nxd4 15. Qe4 Qa5 16. Bxc8 Rxc8 17. Nxd4 Ba3 18. Qc2 Rxc3 19. bxa3 Qxa3+ 20. Kd2 Rxc2+ 21. Nxc2 Qxa2 22. Rc1 Bf5 23. g4 Bxc2 0-1

[Event "Early-Titled-Tuesday-Blitz-June-18-2024"]
[Site "Chess.com"]
[Date "2024.06.18"]
[Round "1"]
[White "SilverCityIndigo"]
[Black "Abund"]
[Result "0-1"]
[WhiteElo "2419"]
[BlackElo "2746"]
[TimeControl "180+1"]
[EndTime "8:04:31 PDT"]
[Termination "Abund won by resignation"]

1. d4 d5 2. Nf3 Nf6 3. c4 e6 4. Nc3 a6 5. cxd5 exd5 6. Bg5 Be6 7. e3 Nbd7 8. Rc1 Bd6 9. Be2 c6 10. O-O O-O 11. a3 Qb8 12. Bh4 Re8 13. Bg3 Bxg3 14. hxg3 Bf5 15. Nh4 Bg6 16. Nxg6 hxg6 17. Qb3 Re6 18.
Na4 Ne4 19. Bf3 Nd2 20. Qd3 Nxf1 21. Kxf1 Qd6 22. b4 Nf6 23. Nc5 Re7 24. a4 g5 25. a5 g6 26. Bd1 Kg7 27. Ke1 Rh8 28. Kd2 Ne4+ 29. Nxe4 Rxe4 30. Bf3 Qxb4+ 31. Qc3 Qxc3+ 32.
Rxc3 Re7 33. g4 Rh1 34. Rb3 Ra1 35. Be2 Ra2+ 36. Kd1 Rxa5 0-1

[Event "Early-Titled-Tuesday-Blitz-June-18-2024"]
[Site "Chess.com"]
[Date "2024.06.18"]
[Round "1"]
[White "Stanbad1"]
[Black "Rdeux42"]
[Result "1-0"]
[WhiteElo "2739"]
[BlackElo "2415"]
[TimeControl "180+1"]
[EndTime "8:04:31 PDT"]
[Termination "Stanbad1 won by resignation"]

1. d4 d5 2. Nc3 Nf6 3. Bf4 a6 4.
e3 Bf5 5. Nf3 e6 6. Ne5 h6 7. g4 Bh7 8. h4 Nbd7 9. g5 Nxe5 10. Bxe5 Nd7 11. Bf4 hxg5 12. hxg5 Bxc2 13. Qf3 Rxh1 14.
Qxh1 Bd6 15. Bxd6 cxd6 16. Qh8+ Ke7 17. Qxg7 Qh8 18. Qxh8 Rxh8 19. Kd2 Bg6 20. f4 Rh2+ 21. Be2 Bh5 22. Kd3 Bxe2+ 23. Nxe2 e5 24. Re1 f6 25.
gxf6+ Kxf6 26. Rf1 Ke6 27. b3 Nf6 28. fxe5 dxe5 29.
dxe5 Kxe5 30. Nd4 Ne4 31. Nf3+ 1-0

[Event "Early-Titled-Tuesday-Blitz-June-18-2024"]
[Site "Chess.com"]
[Date "2024.06.18"]
[Round "1"]
[White "arctic_t00"]
[Black "Veleamater"]
[Result "1-0"]
[WhiteElo "2730"]
[BlackElo "2413"]
[TimeControl "180+1"]
[EndTime "8:04:35 PDT"]
[Termination "arctic_t00 won by resignation"]

1. d4 d6 2. Nf3 g6 3. c4 Bg7 4. Nc3 Nf6 5. g3 O-O 6. Bg2 Nc6 7. d5 Nb8 8. O-O e5 9. dxe6 fxe6 10. h3 Nc6 11. Be3 e5 12. Qd2 Be6 13. b3 Qd7 14. Ng5 Ne7 15. Nxe6 Qxe6 16. Rad1 Nc6 17. Nd5 Ne8 18.
Nb6 axb6 19. Bd5 Qxd5 20. cxd5 Ne7 21. a4 Nf6 22. Bg5 Nexd5 23. Qc2 Rf7 24. e4 Nb4 25. Qc4 h6 26. Bxf6 Bxf6 27. Qxb4 Kg7 28. Rc1 Raf8 29. Rc2 Bd8 30. Qc4 h5 31. Qd5 Re7 32. Qxb7 Rf3 33. Qd5 Rxb3 34. Qxb3 1-0

[Event "Early-Titled-Tuesday-Blitz-June-18-2024"]
[Site "Chess.com"]
[Date "2024.06.18"]
[Round "1"]
[White "AlbusSevresPotter"]
[Black "GAusal"]
[Result "1-0"]
[WhiteElo "2583"]
[BlackElo "2181"]
[TimeControl "180+1"]
[EndTime "8:04:39 PDT"]
[Termination "AlbusSevresPotter won by checkmate"]

1. e4 c5 2. Nf3 e6 3. d4 cxd4 4. Nxd4 a6 5. Bd3 Qc7 6. O-O Nc6 7. Nb3 Nf6 8. Qe2 Be7 9. f4 d5 10. e5 Nd7 11. Be3 Nb4 12. N1d2 Nxd3 13. cxd3 g6 14. Rac1 Qd8 15. Nf3 O-O 16. g4 f6 17.
Nbd4 fxe5 18. Nxe6 Qa5 19. Nxf8 Bxf8 20. fxe5 Bg7 21.
d4 Nf8 22. Ng5 Bd7 23. Qf3 Be8 24. Rc5 Qxa2 25. Rc7 h6 26. Rxg7+ Kxg7 27. Qxf8# 1-0

[Event "Early-Titled-Tuesday-Blitz-June-18-2024"]
[Site "Chess.com"]
[Date "2024.06.18"]
[Round "1"]
[White "doublesik"]
[Black "Chxss_Khxsbu"]
[Result "1-0"]
[WhiteElo "2547"]
[BlackElo "1770"]
[TimeControl "180+1"]
[EndTime "8:04:41 PDT"]
[Termination "doublesik won by resignation"]

1. d4 Nf6 2. c4 e6 3. Nf3 Bb4+ 4. Bd2 a5 5. g3 O-O 6. Bg2 d5 7. Qc2 c6 8. O-O Nbd7 9. Bg5 b6 10. Nbd2 Ba6 11. b3 Be7 12. Rac1 Rc8 13. Rfe1 c5 14. dxc5 Nxc5 15. Qb2 h6 16. Bf4 Nce4 17. Nxe4 Nxe4 18. Red1 Bc5 19. e3 g5 20. Be5 f6 21. Bd4 Qe7 22.
Bxc5 Rxc5 23. cxd5 Rxd5 24. Rxd5 exd5 25. Qd4 Rd8 26.
Qxb6 Bd3 27. Nd4 Qe5 28. Qxd8+ 1-0

[Event "Early-Titled-Tuesday-Blitz-June-18-2024"]
[Site "Chess.com"]
[Date "2024.06.18"]
[Round "1"]
[White "Fandorine"]
[Black "LeninGuerra"]
[Result "1-0"]
[WhiteElo "2969"]
[BlackElo "2529"]
[TimeControl "180+1"]
[EndTime "8:04:43 PDT"]
[Termination "Fandorine won by resignation"]

1. e4 c5 2. Nf3 e6 3. g3 b6 4. Bg2 Bb7 5. Nc3 d6 6. O-O Nd7 7. d4 cxd4 8. Nxd4 a6 9. Re1 Qc7 10. Nd5 exd5 11. exd5+ Ne5 12. f4 Nf6 13. Nc6 Bxc6 14.
dxc6 O-O-O 15. fxe5 dxe5 16. Qe2 Bc5+ 17. Be3 Bxe3+ 18.
Qxe3 Kb8 19. Qxe5 Qxe5 20. Rxe5 Rhe8 21. Rxe8 Rxe8 22. c4 Kc7 23. b4 Ne4 24. b5 axb5 25. cxb5 f5 26. Bxe4 fxe4 27. Rd1 Re7 28. Kf2 h6 29. Ke3 g5 30. g4 Rf7 31. Rd7+ Rxd7 32. cxd7 Kxd7 33. Kxe4 Ke6 34. h3 Kd6 35. Kf5 Kc5 36.
Kg6 Kxb5 37. Kxh6 Ka4 38. Kxg5 Ka3 39. h4 Kxa2 40. h5 b5 41. h6 b4 42. h7 b3 43.
h8=Q b2 44. Qxb2+ Kxb2 45. Kf6 1-0